 Dungeon Crawl Stone Soup version 0.32-a0-876-gcfddb08e57 (webtiles) character file.

Game seed: 11204668310262799713

144724 oldriver the Slayer (level 17, -2/208 HPs)
             Began as an Oni Shapeshifter on Apr 1, 2024.
             Was the Champion of Yredelemnul.
             Slain by a salamander
             ... wielding a +0 halberd
              (8 damage)
             ... on level 4 of the Snake Pit.
             The game lasted 01:02:59 (26273 turns).

oldriver the Slayer (Oni Shapeshifter)             Turns: 26273, Time: 01:03:00

Health: -2/208     AC: 15    Str: 26    XL:     17   Next: 40%
Magic:  19/27      EV: 14    Int: 11    God:    Yredelemnul [******]
Gold:   2776       SH:  0    Dex: 11    Spells: 16/16 levels left

rFire   . . .        b - +7 great mace of Junatebb {drain, rPois rCorr Str-2 Int+5}
rCold   . . .        (shield currently unavailable)
rNeg    . . .        B - +2 acid dragon scales
rPois   +            j - +2 hat {Stlth+}
rElec   .            q - +0 cloak
rCorr   +            (gloves unavailable)
SInv    +            (boots unavailable)
Will    +....        v - amulet of regeneration
Stlth   +++          D - ring "Xauc" {Int-5 Dex+3 SInv Clar}
HPRegen 1.34/turn    f - +5 ring of evasion
MPRegen 0.20/turn

%: clarity
@: lethally poisoned (-2 -> -2), wreathed by umbra
A: large, unfitting armour, horns 1, tough skin 1, double potion healing,
drunken brawling
a: Renounce Religion, Light the Black Torch, Recall Undead Harvest, Hurl
Torchlight, Bind Soul, Fathomless Shackles


You were on level 4 of the Snake Pit.
You worshipped Yredelemnul.
Yredelemnul was pleased with you.
You visited 4 branches of the dungeon, and saw 24 of its levels.

You collected 4046 gold pieces.
You spent 1270 gold pieces at shops.

Inventory:

Hand Weapons
 a - the +4 hammer of the Onslaught {heavy, rElec}
   (You found it on level 6 of the Dungeon)

   rElec:     It insulates you from electricity.
 b - the +7 great mace of Junatebb (weapon) {drain, rPois rCorr Str-2 Int+5}
   (You found it on level 7 of the Dungeon)

   Str-2:     It affects your strength (-2).
   Int+5:     It affects your intelligence (+5).
   rPois:     It protects you from poison.
   rCorr:     It protects you from acid and corrosion.
 n - a +2 heavy great mace
 N - a +0 giant spiked club
Missiles
 l - 40 poisoned darts
 x - 22 boomerangs (quivered)
 J - 2 throwing nets
 M - 18 large rocks
Armour
 j - a +2 hat of stealth (worn)
 q - a +0 cloak (worn)
 B - +2 acid dragon scales (worn)
 L - a scarf of shadows
Jewellery
 f - a +5 ring of evasion (right hand)
 i - a ring of ice
 v - an amulet of regeneration (around neck)
 w - a ring of fire
 D - the ring "Xauc" (left hand) {Int-5 Dex+3 SInv Clar}
   (You bought it in a shop on level 8 of the Dungeon)

   [ring of see invisible]

   Int-5:     It affects your intelligence (-5).
   Dex+3:     It affects your dexterity (+3).
   SInv:      It lets you see invisible.
   Clar:      It protects you from confusion, rage, mesmerisation and fear.
 G - a ring of resist corrosion
Wands
 t - a wand of flame (22)
 z - a wand of quicksilver (5)
 A - a wand of paralysis (17)
 P - a wand of iceblast (5)
 S - a wand of mindburst (22)
 T - a wand of polymorph (4)
Scrolls
 d - 3 scrolls of noise
 k - a scroll of fog
 m - a scroll of revelation
 y - a scroll of summoning
 C - 3 scrolls of poison
 E - 2 scrolls of enchant weapon
 O - 3 scrolls of immolation
 Q - a scroll of amnesia
 R - 2 scrolls of fear
 U - 3 scrolls of teleportation
 V - a scroll of vulnerability
 W - a scroll of identify
Potions
 c - 2 potions of resistance
 e - 2 potions of enlightenment
 g - 4 potions of curing
 h - a potion of might
 o - 2 potions of heal wounds
 p - 3 potions of attraction
 r - a potion of haste
 s - 2 potions of magic
 u - 2 potions of ambrosia
 F - 5 potions of brilliance
 H - 3 potions of berserk rage
 I - 3 potions of cancellation
 K - 3 potions of mutation


   Skills:
 + Level 21.9 Fighting
 + Level 15.8 Maces & Flails
 + Level 11.1 Throwing
 + Level 10.7 Armour
 - Level 4.0 Dodging
 - Level 2.6 Unarmed Combat
 - Level 14.0 Invocations
 - Level 4.0 Evocations
 - Level 3.0 Shapeshifting


You had 16 spell levels left.
You didn't know any spells.
Your spell library contained the following spells:

 Spells                   Type           Power      Damage    Failure   Level
 Apportation              Tloc           0%         N/A       38%         1
 Magic Dart               Conj           0%         1d3       38%         1
 Necrotise                Necr           0%         1d4       38%         1
 Shock                    Conj/Air       0%         1d3       38%         1
 Sting                    Conj/Alch      0%         1d3       38%         1
 Summon Small Mammal      Summ           0%         N/A       38%         1
 Ensorcelled Hibernation  Hex/Ice        0%         N/A       52%         2
 Mercury Vapours          Alch/Air       0%         N/A       52%         2
 Scorch                   Fire           0%         2d5       52%         2
 Searing Ray              Conj           0%         2d4       52%         2
 Frozen Ramparts          Ice            0%         1d1       77%         3
 Fugue of the Fallen      Necr           0%         N/A       77%         3
 Inner Flame              Hex/Fire       0%         N/A       77%         3
 Mephitic Cloud           Conj/Alch/Air  0%         N/A       77%         3
 Ozocubu's Armour         Ice            0%         N/A       77%         3
 Swiftness                Air            0%         N/A       77%         3
 Tukima's Dance           Hex            0%         N/A       77%         3
 Airstrike                Air            0%         2d(0-16)  99%         4
 Anguish                  Hex/Necr       0%         N/A       99%         4
 Animate Armour           Summ/Erth      0%         N/A       99%         4
 Brom's Barrelling Bould  Conj/Erth      0%         2d3       99%         4
 Dimensional Bullseye     Hex/Tloc       0%         N/A       99%         4
 Flame Wave               Conj/Fire      0%         2d4       99%         4
 Fulminant Prism          Conj/Alch      0%         3d5       99%         4
 Iskenderun's Mystic Bla Conj/Tloc 0%             2d3        (+2d1     99%         4
 Sticky Flame             Fire/Alch      0%         2d4       99%         4
 Summon Lightning Spire   Summ/Air       0%         N/A       99%         4
 Fireball                 Conj/Fire      0%         3d3       100%        5
 Freezing Cloud           Conj/Ice/Air   0%         6-21      100%        5
 Iskenderun's Battlesphe  Conj           0%         2d6       100%        5
 Lee's Rapid Deconstruct  Erth           0%         3d4*      100%        5
 Metabolic Englaciation   Hex/Ice        0%         N/A       100%        5
 Conjure Ball Lightning   Conj/Air       0%         3x3d6     100%        6
 Summon Cactus Giant      Summ           0%         N/A       100%        6
 Malign Gateway           Summ/Tloc      0%         N/A       100%        7
 Orb of Destruction       Conj           0%         9d5       100%        7
 Summon Horrible Things   Summ           0%         N/A       100%        8


Dungeon Overview and Level Annotations

Branches:
Dungeon (13/15)            Temple (0/1) D:6            Lair (5/5) D:11
  Swamp (0/4) Lair:3        Snake (4/4) Lair:3        Slime (0/5) Lair:5
    Orc (2/2) D:10            Elf (0/3) Orc:2
 Vaults: D:13-14

Altars:
Ashenzari
Dithmenos
Elyvilon
Hepliaklqana
Qazlal
Ru
Sif Muna
Trog
Wu Jian
Xom
Yredelemnul
Jiyva
Lugonu

Shops:
D:6 *   D:7 [   D:8 *   D:13 :   Orc:2 *[(=   Snake:2 [(=*

Annotations:
D:8 2 runed translucent doors, Vadun's ghost, novice TrMo
D:10 1 runed translucent door, 2 transporters, ezpacito's ghost, journeyman CoCK
Snake:4 Mara


Innate Abilities, Weirdness & Mutations

You are too large for most types of armour.
You have a pair of small horns on your head.
You have tough skin. (AC +1)
You gain doubled healing and magic from potions.
Whenever you drink a healing potion, you attack all around you.


Message History

The naga warrior hits you with a +0 battleaxe!
The naga warrior barely misses your shadow.
The naga warrior grabs you. The naga warrior constricts you.
Mara hits you with a +3 demon blade of flaming.
Mara burns you.
Bai Suzhen closely misses Mara.
Bai Suzhen claws Mara.
Bai Suzhen tramples Mara but does no damage.
Aiming: Hurl Torchlight
Press: ? - help, Shift-Dir - straight line, f/p - naga warrior
Aim: a naga warrior, wielding a +0 battleaxe (heavily wounded, constricting you, umbra)
The gout of umbral fire explodes!
The umbral torchlight engulfs the naga warrior!!
The naga warrior is almost dead.
The umbral torchlight engulfs your shadow.
Your shadow is empowered.
The umbral torchlight engulfs you but does no damage.
The umbral torchlight engulfs the naga!!
You kill the naga!
Their soul becomes fuel for the torch.
The umbral torchlight engulfs Mara.
Mara is heavily wounded.
The umbral torchlight engulfs the salamander!!
The salamander is almost dead.
The dead are walking!
You feel sick.
You hear a shout!
Your shadow hits the naga warrior!
The naga warrior dies!
Their soul becomes fuel for the torch.
The dead are walking!
The salamander hits you from afar with a +0 halberd!!
* * * LOW HITPOINT WARNING * * *
You are engulfed in flames!
* * * LOW HITPOINT WARNING * * *
Your shadow barely misses Mara.
Mara hits you with a +3 demon blade of flaming!!
* * * LOW HITPOINT WARNING * * *
Mara burns you.
* * * LOW HITPOINT WARNING * * *
The salamander hits you from afar with a +0 halberd!
You die...
Your body rises from the dead as a mindless zombie.

##......# . ##......#
.. ####.....).# ...
...........# ....
###.......####
.....##.##.).........
.....'.<.+.N.........
.....##'##N...)......
......[.@Z)..........
.......WWR..Z........
........ZWZ..........
............#........
###.###.############
## ###


You could see Mara (ally target), a salamander mystic (strong), a salamander
(fast, strong, ally target), a friendly phantasmal warrior (summoned, strong),
the friendly Bai Suzhen the bound storm dragon, 2 friendly shadows, a friendly
black mamba zombie, a friendly naga zombie and a friendly naga warrior zombie.

Vanquished Creatures
  Gastronok (D:8)
  Aizul (Snake:1)
  A nagaraja (Snake:3)
  An orc warlord (Orc:2)
  2 hydras
  Erica (D:10)
  A boulder beetle (D:11)
  A centaur warrior (D:13)
  3 two-headed ogres
  5 anacondas
  A catoblepas (Lair:5)
  10 death yaks
  2 orc high priests (Orc:2)
  A tengu warrior (D:13)
  3 shock serpents
  4 naga sharpshooters
  A hell hog (Lair:5)
  Urug (D:13)
  3 naga warriors
  Sonja (D:12)
  A salamander mystic (Snake:3)
  A skyshark (Lair:4)
  Lodul (D:13)
  4 mana vipers
  3 orc knights (Orc:2)
  4 naga ritualists
  Pikel (D:5)
  A deep elf pyromancer (D:13)
  2 obsidian bats (Orc:1)
  3 ugly things
  Maurice (D:7)
  An orc sorcerer (Orc:2)
  2 cyclopes (D:11)
  2 manticores
  3 salamanders
  19 black mambas
  2 guardian serpents (Snake:3)
  27 elephants
  A kobold blastminer (Orc:1)
  2 naga magi (Snake:3)
  2 gargoyles
  10 cane toads
  Jeremiah (D:6)
  Maggie (D:6)
  3 rime drakes
  4 komodo dragons
  3 trolls
  6 polar bears
  A tyrant leech (Lair:3)
  5 dream sheep
  2 raiju (Lair:5)
  4 blink frogs
  A slime creature (D:13)
  31 yaks
  A shadow (D:11)
  4 wraiths
  4 wyverns
  Eustachio (D:6)
  A basilisk (Lair:1)
  6 wargs
  A steam dragon (D:10)
  7 vampire mosquitoes
  11 nagas
  3 acid dragons
  15 water moccasins
  2 swamp worms (Lair:3)
  8 hell hounds (Lair:5)
  15 orc warriors
  An ice beast (D:7)
  10 black bears
  3 sky beasts
  6 ogres
  17 wolves
  2 lemures (D:4)
  3 kobold brigands (D:9)
  2 phantoms
  10 bullfrogs
  Blork the orc (D:6)
  2 gnoll sergeants
  A scorpion (Lair:2)
  7 wights
  9 killer bees
  3 bombardier beetles
  6 orc priests
  Crazy Yiuf (D:6)
  2 gnoll boudas
  3 hounds
  2 iguanas
  A sleepcap (D:7)
  Ijyb (D:3)
  9 orc wizards
  14 gnolls
  4 adders
  2 white imps
  2 dart slugs
  26 orcs
  9 endoplasms
  3 giant cockroaches
  3 goblins
  5 hobgoblins
  4 jackals (D:1)
  5 quokkas
  4 ball pythons
  5 bats
  3 frilled lizards (D:1)
  15 kobolds
  6 rats
  A spectral orc (D:6)
491 creatures vanquished.

Vanquished Creatures (collateral kills)
  Rupert (D:12)
  A nagaraja (Snake:3)
  4 hydras
  A centaur warrior (D:13)
  5 anacondas
  2 boulder beetles
  2 two-headed ogres
  5 naga sharpshooters
  3 death yaks
  A shock serpent (Snake:1)
  4 naga warriors
  An orc high priest (Orc:2)
  5 mana vipers
  3 naga ritualists
  A manticore (Lair:5)
  3 salamanders
  An ugly thing (D:11)
  17 elephants
  2 kobold blastminers
  2 slime creatures (D:13)
  2 guardian serpents
  5 naga magi
  A shock serpent zombie (Snake:1)
  31 black mambas
  4 cane toads
  A gargoyle (D:12)
  3 rime drakes
  2 komodo dragons
  A tengu conjurer (D:13)
  4 polar bears (Lair:5)
  4 raiju (Lair:5)
  8 dream sheep
  6 blink frogs
  A shadow (D:12)
  A wyvern (D:7)
  4 basilisks
  11 yaks
  4 vampire mosquitoes
  19 nagas
  A swamp worm (Lair:3)
  2 acid dragons
  7 water moccasins
  3 hell hounds (Lair:5)
  12 orc warriors
  4 black bears
  4 wolves
  4 ogres
  5 bullfrogs
  2 scorpions
  6 wights (D:7)
  A howler monkey (D:11)
  A bombardier beetle (D:6)
  6 orc priests
  A hound (D:5)
  5 orc wizards
  2 human simulacra (D:9)
  2 gnolls
  An adder (D:6)
  30 orcs
  An endoplasm (D:3)
  A kobold (D:9)
277 creatures vanquished.

Vanquished Creatures (others)
  A spectral centaur (Snake:3)
  3 anaconda zombies
  An arcanist (D:3)
  A hell hog zombie (Lair:5)
  A spectral human (Lair:5)
  2 mana viper zombies (Snake:3)
  A spectral troll (Lair:5)
  3 death yak zombies (Lair:5)
  2 hydra zombies (Lair:5)
  Prince Ribbit (D:9)
  A guardian serpent zombie (Snake:3)
  12 black mamba zombies
  A two-headed ogre zombie (D:11)
  2 cane toad zombies
  A blink frog zombie (Lair:3)
  5 dream sheep zombies (Lair:5)
  10 elephant zombies
  A rime drake zombie (Lair:3)
  A barachi zombie (D:6)
  A salamander zombie (Snake:3)
  4 hell hound zombies (Lair:5)
  A cyclops zombie (D:11)
  A wyvern zombie (D:7)
  A warg zombie (Orc:2)
  5 water moccasin zombies
  A polar bear zombie (Lair:5)
  6 yak zombies
  A troll zombie (D:11)
  4 raiju zombies (Lair:5)
  9 wolf zombies
  2 bullfrog zombies
  3 black bear zombies (Lair:5)
  2 basilisk zombies (Lair:5)
  A scorpion zombie (D:6)
  2 orc wizards
  4 killer bee zombies
  A human zombie (D:6)
  An ice beast zombie (D:7)
  9 naga zombies
  2 sky beast zombies
  2 ogre zombies (Orc:2)
  An adder zombie (D:6)
  A spectral white imp (D:8)
  9 gnoll zombies
  A bombardier beetle zombie (D:6)
  2 endoplasm zombies
  4 kobold zombies
  47 orc zombies
178 creatures vanquished.

Grand Total: 946 creatures vanquished

Notes
Turn   | Place    | Note
-------+----------+-------------------------------------------
     0 | D:1      | oldriver the Oni Shapeshifter began the quest for the Orb.
     0 | D:1      | Reached XP level 1. HP: 19/19 MP: 1/1
    36 | D:1      | Reached skill level 2 in Fighting
   131 | D:1      | Reached XP level 2. HP: 24/29 MP: 2/2
   188 | D:1      | Reached skill level 3 in Fighting
   549 | D:1      | Reached XP level 3. HP: 32/39 MP: 3/3
   554 | D:1      | Reached skill level 4 in Fighting
  1544 | D:2      | Reached skill level 5 in Fighting
  1544 | D:2      | Reached XP level 4. HP: 49/50 MP: 4/4
  1871 | D:3      | Reached skill level 6 in Fighting
  1905 | D:3      | Found a faded altar of an unknown god.
  2021 | D:3      | Reached XP level 5. HP: 55/59 MP: 5/5
  2053 | D:3      | Found a shimmering altar of Xom.
  2068 | D:3      | Found a basalt altar of Yredelemnul.
  2112 | D:3      | Became a worshipper of Yredelemnul the Fallen
  2277 | D:3      | Noticed Ijyb
  2298 | D:3      | Killed Ijyb
  2505 | D:3      | Found a shadowy altar of Dithmenos.
  2575 | D:3      | Found a bloodstained altar of Trog.
  2579 | D:3      | Noticed a wizard
  2584 | D:3      | Killed a wizard
  2773 | D:4      | Reached skill level 7 in Fighting
  2826 | D:4      | Reached XP level 6. HP: 68/72 MP: 6/6
  3136 | D:5      | Entered Level 5 of the Dungeon
  3136 | D:5      | Noticed Pikel
  3596 | D:5      | Reached skill level 8 in Fighting
  3744 | D:5      | Killed Pikel
  3745 | D:5      | Reached skill level 10 in Fighting
  3745 | D:5      | Reached XP level 7. HP: 15/85 MP: 7/7
  4089 | D:5      | Reached XP level 8. HP: 93/96 MP: 8/8
  4149 | D:5      | Found a white marble altar of Elyvilon.
  4171 | D:5      | Reached * piety under Yredelemnul
  4172 | D:5      | Reached skill level 11 in Fighting
  4452 | D:5      | Identified a scroll of acquirement
  4452 | D:5      | Acquired a +5 ring of evasion
  4643 | D:6      | Found a runed translucent door.
  4644 | D:6      | Noticed Crazy Yiuf
  4694 | D:6      | Found Manysala's General Store.
  4697 | D:6      | Noticed Eustachio
  4700 | D:6      | Bought a scroll of teleportation for 39 gold pieces
  4715 | D:6      | Killed Eustachio
  4716 | D:6      | Reached skill level 12 in Fighting
  4773 | D:6      | Noticed Jeremiah
  4805 | D:6      | Killed Jeremiah
  5106 | D:6      | Reached skill level 13 in Fighting
  5106 | D:6      | Reached XP level 9. HP: 60/110 MP: 9/9
  5294 | D:6      | Noticed Blork the orc
  5307 | D:6      | Killed Blork the orc
  5508 | D:6      | Noticed Maggie
  5530 | D:6      | Your ally Jeremiah died
  5534 | D:6      | Killed Maggie
  5535 | D:6      | Reached skill level 14 in Fighting
  5810 | D:6      | Found a staircase to the Ecumenical Temple.
  5916 | D:6      | Found a hazy altar of Hepliaklqana.
  5970 | D:6      | Your ally Maggie died
  5978 | D:6      | Killed Crazy Yiuf
  5978 | D:6      | Reached ** piety under Yredelemnul
  5986 | D:6      | Identified the +4 hammer of the Onslaught {heavy, rElec}
  6258 | D:7      | Reached skill level 1 in Invocations
  6714 | D:7      | Found a broken altar of Ashenzari.
  6731 | D:7      | Reached skill level 5 in Maces & Flails
  6957 | D:7      | Identified the +7 great mace of Junatebb {drain, rPois
                  | rCorr Str-2 Int+5}
  6977 | D:7      | Found a stormy altar of Qazlal.
  7079 | D:7      | Reached XP level 10. HP: 72/122 MP: 13/13
  7300 | D:7      | Found Xaredgh's Armour Shoppe.
  7463 | D:7      | Noticed Maurice
  7476 | D:7      | Killed Maurice
  7560 | D:7      | Found an ornate altar of the Wu Jian Council.
  7647 | D:8      | Reached *** piety under Yredelemnul
  7785 | D:8      | Found Mumuth's Clear Minds Boutique.
  7794 | D:8      | Bought the ring "Xauc" {Int-5 Dex+3 SInv Clar} for 381 gold
                  | pieces
  7894 | D:8      | Noticed Gastronok
  7913 | D:8      | Killed Gastronok
  7914 | D:8      | Reached skill level 1 in Armour
  7914 | D:8      | Reached skill level 5 in Invocations
  8214 | D:8      | Found a large runed translucent door.
  8214 | D:8      | Found a large runed translucent door.
  8215 | D:8      | Noticed Vadun's ghost (novice TrMo)
  9479 | D:9      | Reached skill level 15 in Fighting
  9491 | D:9      | Reached XP level 11. HP: 84/132 MP: 15/15
  9494 | D:9      | Killed Prince Ribbit
  9634 | D:9      | Acquired 1139 gold pieces
 10178 | D:10     | Entered Level 10 of the Dungeon
 10203 | D:10     | Found a runed translucent door.
 10204 | D:10     | Noticed a spriggan rider
 10204 | D:10     | Noticed ezpacito's ghost (journeyman CoCK)
 10263 | D:10     | Reached **** piety under Yredelemnul
 10504 | D:10     | Found a staircase to the Orcish Mines.
 10633 | D:10     | Noticed a brown ugly thing
 10637 | D:10     | Noticed a brown ugly thing
 10638 | D:10     | Found a corrupted altar of Lugonu.
 10707 | D:10     | Identified the +8 trident of Hifie {heavy, rF+ rCorr}
 10809 | D:10     | Found a sacrificial altar of Ru.
 10851 | D:10     | Noticed Erica
 10915 | D:10     | Killed Erica
 11143 | D:10     | Found a transporter.
 11144 | D:10     | Found a transporter.
 11148 | D:10     | Noticed a brown ugly thing
 11549 | D:11     | Noticed a brown ugly thing
 11600 | D:11     | Noticed a cyclops
 11609 | D:11     | Killed a cyclops
 11642 | D:11     | Found a shimmering altar of Xom.
 11649 | D:11     | Reached skill level 10 in Maces & Flails
 11757 | D:11     | Noticed a boulder beetle
 11769 | D:11     | Killed a boulder beetle
 11936 | D:11     | Noticed Harold
 11936 | D:11     | Noticed a brown ugly thing
 11949 | D:11     | Reached skill level 16 in Fighting
 11949 | D:11     | Killed a brown ugly thing
 11955 | D:11     | Found a staircase to the Lair.
 11956 | D:11     | Noticed a two-headed ogre
 11956 | D:11     | Killed Harold
 11956 | D:11     | Bound Harold
 11958 | D:11     | Noticed a cyclops
 11959 | D:11     | Killed a cyan ugly thing
 12000 | D:11     | Killed a two-headed ogre
 12012 | D:11     | Reached XP level 12. HP: 26/144 MP: 17/17
 12476 | D:11     | Noticed a two-headed ogre
 12484 | D:11     | Killed a two-headed ogre
 12633 | D:11     | Found a shimmering blue altar of Sif Muna.
 12716 | D:11     | Noticed a two-headed ogre
 12721 | D:11     | Killed a two-headed ogre
 12790 | Lair:1   | Entered Level 1 of the Lair of Beasts
 12988 | Lair:1   | Reached skill level 17 in Fighting
 13795 | Lair:2   | Noticed a death yak
 13795 | Lair:2   | Noticed a death yak
 13795 | Lair:2   | Noticed a death yak
 13796 | Lair:2   | Noticed a death yak
 13796 | Lair:2   | Noticed a death yak
 13802 | Lair:2   | Killed a death yak
 13803 | Lair:2   | Reached XP level 13. HP: 156/156 MP: 19/19
 13812 | Lair:2   | Reached ***** piety under Yredelemnul
 14804 | Lair:3   | Reached skill level 5 in Armour
 14905 | Lair:3   | Found a staircase to the Snake Pit.
 15131 | Lair:3   | Reached skill level 5 in Throwing
 15727 | Lair:3   | Found a staircase to the Swamp.
 15935 | Lair:3   | Reached skill level 18 in Fighting
 16288 | Lair:4   | Reached skill level 10 in Invocations
 16344 | Lair:4   | Reached XP level 14. HP: 143/169 MP: 21/21
 16553 | Lair:4   | Reached ****** piety under Yredelemnul
 16926 | Lair:5   | Entered Level 5 of the Lair of Beasts
 17003 | Lair:5   | Found a viscous altar of Jiyva.
 17003 | Lair:5   | Found a staircase to the Slime Pits.
 17177 | Lair:5   | Your ally Harold died
 17798 | Lair:5   | Noticed Snorg
 17816 | Lair:5   | Killed Snorg
 17816 | Lair:5   | Bound Snorg
 17823 | Lair:5   | Reached skill level 19 in Fighting
 17908 | Lair:5   | Your ally Snorg died
 17942 | Lair:5   | Noticed Nessos
 17962 | Lair:5   | Killed Nessos
 17962 | Lair:5   | Bound Nessos
 18316 | Lair:5   | Reached XP level 15. HP: 54/182 MP: 24/24
 18616 | Lair:5   | Reached skill level 20 in Fighting
 20451 | D:6      | Bought a scroll of identify for 26 gold pieces
 20451 | D:6      | Bought 3 scrolls of identify for 78 gold pieces
 20732 | Orc:1    | Entered Level 1 of the Orcish Mines
 21063 | Orc:2    | Entered Level 2 of the Orcish Mines
 21063 | Orc:2    | Found Zyre's Jewellery Emporium.
 21097 | Orc:2    | Bought an amulet of regeneration for 450 gold pieces
 21162 | Orc:2    | Noticed an orc warlord
 21163 | Orc:2    | Found Xiputwyj's Antique Weapon Shop.
 21171 | Orc:2    | Killed an orc warlord
 21490 | Orc:2    | Found a staircase to the Elven Halls.
 21495 | Orc:2    | Found Usesop's Antique Armour Emporium.
 21576 | Orc:2    | Found Myorgh's General Store.
 21626 | Orc:2    | Bought a potion of curing for 42 gold pieces
 21626 | Orc:2    | Bought a potion of enlightenment for 70 gold pieces
 22161 | Orc:2    | Bought a scroll of identify for 28 gold pieces
 22162 | Orc:2    | Bought a wand of mindburst (8) for 156 gold pieces
 22484 | D:12     | Noticed Rupert
 22491 | D:12     | Killed Rupert
 22514 | D:12     | Noticed Sonja
 22530 | D:12     | Reached skill level 1 in Evocations
 22540 | D:12     | Killed Sonja
 22891 | D:13     | Noticed Urug
 22897 | D:13     | Killed Urug
 22903 | D:13     | Reached XP level 16. HP: 171/190 MP: 25/25
 23022 | D:13     | Noticed Lodul
 23033 | D:13     | Killed Lodul
 23116 | D:13     | Found Wyighin's Book Shop.
 23647 | Snake:1  | Entered Level 1 of the Snake Pit
 23654 | Snake:1  | Identified the serpent talisman of Renla {rF+ Str+3}
 23654 | Snake:1  | Noticed Aizul
 23664 | Snake:1  | Killed Aizul
 23685 | Snake:1  | Reached skill level 21 in Fighting
 23694 | Snake:1  | Reached skill level 15 in Maces & Flails
 24429 | Snake:2  | Reached skill level 10 in Throwing
 24487 | Snake:2  | Found Maili's Weapon Boutique.
 24487 | Snake:2  | Found Xetam's Armour Shoppe.
 24493 | Snake:2  | Found Neowabb's Jewellery Boutique.
 24505 | Snake:2  | Found Towutogh's Assorted Antiques.
 25034 | Snake:3  | Noticed a nagaraja
 25038 | Snake:3  | Noticed a nagaraja
 25045 | Snake:3  | Reached skill level 10 in Armour
 25050 | Snake:3  | Killed a nagaraja
 25051 | Snake:3  | Killed a nagaraja
 25101 | Snake:3  | Reached XP level 17. HP: 134/205 MP: 20/27
 25724 | Snake:3  | Noticed Bai Suzhen
 25767 | Snake:3  | Your ally Nessos died
 25772 | Snake:3  | Killed Bai Suzhen
 25772 | Snake:3  | Bound Bai Suzhen
 26051 | Snake:4  | Entered Level 4 of the Snake Pit
 26146 | Snake:4  | Noticed Mara
 26273 | Snake:4  | HP: 10/208 [Mara/+3 demon blade of flaming (25)]
 26273 | Snake:4  | Slain by a salamander

Illustrated notes

Levels and vault maps discovered:
D:1:      amcnicky_arrival_blooded_trapdoor, layout_loops_ring,
          roderic_malta_cross
D:2:      layout_loops_ring
D:3:      layout_loops_ring, trog_wizard, overflow_temple_1_default,
          mainiacjoe_overflow_catwalk_spiral, serial_forest,
          infiniplex_forest_straight_2, infiniplex_forest_clump_C,
          infiniplex_forest_straight_2, infiniplex_forest_clump_small,
          infiniplex_forest_end_2, infiniplex_forest_straight_4,
          infiniplex_forest_3_way, infiniplex_forest_straight_1,
          infiniplex_forest_zigzag_2, chequers_ecumenical_altar_lobes, uniq_ijyb
D:4:      layout_rooms, minivault_14, kennysheep_cross_bottleneck
D:5:      cheibrodos_quashed, layout_rooms, nicolae_elyvilon_peaceful_grove,
          uniq_pikel
D:6:      layout_gridville, nicolae_hepliaklqana_monster_ancestors,
          temple_green, serial_shops, nicolae_shop_gibbet_a_chance, uniq_maggie,
          uniq_crazy_yiuf_cottage, uniq_jeremiah, uniq_eustachio,
          uniq_blork_the_orc
D:7:      layout_loops_corners, pdpol_wu_jian_five_deadly_venoms,
          ashenzari_altar_1, mainiacjoe_overflow_alcove_4, serial_shops, shop,
          chequers_serial_rivers_marsh, uniq_maurice
D:8:      layout_loops_ring, ebering_ghost_disaster_area,
          nicolae_clarity_for_sale, uniq_gastronok
D:9:      layout_roguey, bh_circular_ruins, uniq_prince_ribbit1
D:10:     gammafunk_corrupted_shrine, layout_loops_ring,
          mainiacjoe_overflow_boulevard, david_orc_4, enter_bailey_6,
          ebering_ghost_funeral_grove, st_stairs_12, uniq_erica
D:11:     layout_long_grid, due_lair_maze_entry_diamond,
          hangedman_feature_mirror, uniq_harold
D:12:     layout_rooms, uniq_sonja, uniq_rupert
D:13:     layout_cave_pools, serial_shops, shop, uniq_urug, uniq_lodul
Lair:1:   layout_regular_city, grunt_megastairs_1
Lair:2:   layout_layer_cave
Lair:3:   layout_hall_layers, palyth_hydra_swamp_entry,
          guppyfry_snake_entry_garden, beast_lair_carwin_1, serial_bayou_shore_b
Lair:4:   layout_hall_layers, grunt_megastairs_4, infiniplex_staircase_pool
Lair:5:   hangedman_lair_caniforms_friends, layout_layer_cave,
          hangedman_lair_in_review, slime_entry_1, grunt_megastairs_5,
          uniq_snorg, uniq_nessos
Snake:1:  layout_onion_interference, uniq_aizul
Snake:2:  layout_rooms, nicolae_snake_serpentine_bazaar
Snake:3:  layout_rooms, nicolae_snake_snakes_in_the_grass, uniq_bai_suzhen
Snake:4:  hellmonk_snake_rune_quicksilver_temple, layout_cave_town,
          uniq_vashnia, uniq_asterion, uniq_mara
Orc:1:    layout_diamond_mine, nicolae_orc_flooded_monolith
Orc:2:    grunt_orc_gardens, layout_caves, grunt_orc_garden, grunt_orc_garden,
          grunt_orc_garden, grunt_orc_garden, nicolae_orc_stalacmites,
          nicolae_orc_sculptors_studio

Skill      XL: |  1  2  3  4  5  6  7  8  9 10 11 12 13 14 15 16 17 |
---------------+----------------------------------------------------+-----
Fighting       | 2 3 5 6 7 10 13 14 15 16 17 18 19 20 21 | 21.9
Throwing       | 3 6 8 9 10 11 | 11.1
Dodging        | 3 4 |  4.0
Maces & Flails | 5 8 11 13 14 15 | 15.8
Invocations    | 4 6 7 8 10 12 13 14 | 14.0
Armour         | 3 4 6 8 9 10 | 10.7
Evocations     | 1 4 |  4.0
Unarmed Combat | |  2.6
Shapeshifting  | |  3.0

Action                     |  1- 3 |  4- 6 |  7- 9 | 10-12 | 13-15 | 16-18 || total
---------------------------+-------+-------+-------+-------+-------+-------++-------
  Melee: Unarmed           |    21 |       |       |       |       |       ||    21
         Headbutt          |    12 |    13 |    34 |    65 |   107 |    39 ||   270
         Dagger            |    96 |   168 |   126 |       |       |       ||   390
         Mace              |       |       |    51 |    83 |       |       ||   134
         Great mace        |       |       |       |   216 |   498 |   191 ||   905
  Throw: Stone             |       |     3 |       |     5 |       |       ||     8
         Boomerang         |       |       |     2 |       |       |       ||     2
 Invoke: Light the Black T |       |     3 |     2 |     6 |     7 |     4 ||    22
         Recall Undead Har |       |       |       |     2 |     8 |     4 ||    14
         Bind Soul         |       |       |       |     1 |     2 |     1 ||     4
         Hurl Torchlight   |       |       |       |     1 |     2 |     4 ||     7
Ability: Begin Untransform |       |       |       |     1 |       |       ||     1
  Evoke: Wand              |       |       |    14 |    15 |    12 |       ||    41
    Use: Scroll            |       |     5 |     4 |     8 |    15 |     2 ||    34
         Potion            |       |     3 |     2 |     2 |     7 |     7 ||    21
   Stab: Sleeping          |     1 |     1 |       |     4 |     6 |     1 ||    13
         Paralysed         |       |       |    14 |       |     3 |       ||    17
         Distracted        |       |       |     2 |     5 |    12 |     1 ||    20
 Armour: Animal skin       |    75 |    87 |    39 |       |       |       ||   201
         Skin              |       |    96 |       |       |       |       ||    96
         Robe              |       |       |    77 |     9 |       |       ||    86
         Acid dragon scale |       |       |       |   215 |   443 |   273 ||   931
  Dodge: Dodged            |    47 |    67 |   129 |   274 |   484 |   164 ||  1165

Table legend: (Time is in decaauts)
 A = Elapsed time spent in this place.
 B = Non-inter-level travel time spent in this place.
 C = Inter-level travel time spent in this place.
 D = Time resting spent in this place.
 E = Time spent auto-exploring this place.
 F = Levels seen in this place.
 G = Mean time per level.
                   A        B        C        D        E       F      G
               +--------+--------+--------+--------+--------+-----+--------+
         Total |  26455 |  24949 |   1506 |   3452 |  16319 |  24 | 1102.3 |
       Dungeon |  14747 |  13668 |   1079 |   1787 |   9179 |  13 | 1134.4 |
          Lair |   7586 |   7307 |    279 |    813 |   5116 |   5 | 1517.2 |
     Snake Pit |   2623 |   2576 |     47 |    747 |   1040 |   4 |  655.8 |
  Orcish Mines |   1497 |   1396 |    101 |    105 |    984 |   2 |  748.5 |
               +--------+--------+--------+--------+--------+-----+--------+

Top non-repeatable levels by time:
  Lair:5: 3280 daAuts
     D:7: 1764 daAuts
     D:6: 1695 daAuts
    D:10: 1600 daAuts
     D:8: 1503 daAuts
  Lair:3: 1490 daAuts
    D:11: 1358 daAuts
     D:9: 1178 daAuts
 Snake:3: 1140 daAuts
  Lair:2: 1096 daAuts
     D:3: 1074 daAuts
  Lair:1: 1023 daAuts
     D:5: 983 daAuts
   Orc:2: 932 daAuts
     D:1: 894 daAuts
